 Dungeon Crawl Stone Soup version 0.31.0-9-g3a7656b989 (webtiles) character file.

Game seed: 17530038429515374707

13110 qw the Markself (level 11, -16/64 HPs)
             Began as a Deep Elf Hunter on Feb 2, 2024.
             Was a Believer of Okawaru.
             Demolished by a yak (29 damage)
             ... on level 1 of the Lair of Beasts.
             The game lasted 00:00:55 (7805 turns).

qw the Markself (Deep Elf Hunter)                   Turns: 7805, Time: 00:00:56

Health: -16/64     AC: 21    Str: 12    XL:     11   Next: 71%
Magic:  16/16      EV:  2    Int: 15    God:    Okawaru [**....]
Gold:   609        SH:  0    Dex: 20    Spells: 10/10 levels left

rFire   . . .        e - +4 longbow (heavy)
rCold   + . .        (shield currently unavailable)
rNeg    . . .        r - +5 scale mail of Oblivion {rC+ Dex+2 SInv}
rPois   .            (no helmet)
rElec   .            (no cloak)
rCorr   .            n - +2 pair of gloves
SInv    +            s - +1 pair of boots
Will    +....        a - amulet of regeneration
Stlth   +            p - +4 ring of protection
HPRegen 1.10/turn    i - +5 ring of evasion
MPRegen 0.15/turn

%: no passive effects
@: sleeping
A: no striking features
a: Renounce Religion, Heroism


You were on level 1 of the Lair of Beasts.
You worshipped Okawaru.
Okawaru was pleased with you.
You visited 3 branches of the dungeon, and saw 13 of its levels.

You collected 663 gold pieces.
You spent 54 gold pieces at shops.


   Skills:
 + Level 6.0 Fighting
 - Level 20.0 Ranged Weapons
 - Level 3.1 Armour
 - Level 8.0 Dodging
 - Level 1.2 Stealth
 - Level 4.0 Invocations


You had 10 spell levels left.
You didn't know any spells.
Your spell library was empty.

Inventory:

Hand Weapons
 e - a +4 heavy longbow (weapon)
Armour
 c - +1 swamp dragon scales
 n - a +2 pair of gloves (worn)
 o - a +0 helmet
 r - the +5 scale mail of Oblivion (worn) {rC+ Dex+2 SInv}
   (You found it on level 8 of the Dungeon)

   Dex+2:     It affects your dexterity (+2).
   rC+:       It protects you from cold.
   SInv:      It lets you see invisible.
 s - a +1 pair of boots (worn)
Jewellery
 a - an amulet of regeneration (around neck)
 i - a +5 ring of evasion (right hand)
 k - a ring of wizardry
 p - a +4 ring of protection (left hand)
Wands
 j - a wand of light (11)
 l - a wand of iceblast (12)
Scrolls
 m - a scroll of identify
Potions
 b - a potion of might
 d - 6 potions of curing
 f - a potion of mutation
 g - a potion of enlightenment

Dungeon Overview and Level Annotations

Branches:
Dungeon (11/15)            Temple (1/1) D:6            Lair (1/5) D:10
    Orc (0/2) D:10

Altars:
Ashenzari
Cheibriados
Dithmenos
Elyvilon
Fedhas
Gozag
Hepliaklqana
Kikubaaqudgha
Makhleb
Nemelex Xobeh
Okawaru
Qazlal
Ru
Sif Muna
Trog
Uskayaw
Vehumet
Wu Jian
Xom
Yredelemnul
Zin
The Shining One

Shops:
D:3 [   D:4 *

Annotations:
D:6 2 runed translucent doors


Message History

The dream sheep closely misses you.
Your Invocations skill increases to level 4!
You shoot an arrow. The yak bellows!
The arrow hits the dream sheep!
The dream sheep is severely wounded.
The dream sheep ruffle their wool and motes of dream dust sparkle, to no effect.
The dream sheep misses you.
The dream sheep headbutts you but does no damage.
You shoot an arrow. The arrow hits the torpor snail!!
The torpor snail is almost dead.
The dream sheep closely misses you. The dream sheep headbutts you.
The dream sheep shake their wool and sparkle.
You feel drowsy...
You fall asleep.
The torpor snail bites you!!!
You wake up.
Ouch! That really hurt!
7798 ||| READING scroll of teleportation.
As you read the scroll of teleportation, it crumbles to dust.
You feel strangely unstable.
You hear the brisk rumble of an avalanche of rocks nearby.
The dream sheep barely misses you. The dream sheep misses you.
The torpor snail bites you but does no damage.
You shoot an arrow. The arrow hits the torpor snail!!
You kill the torpor snail!
Okawaru accepts your kill.
You feel yourself speed up.
Your surroundings seem slightly different.
Your base Dodging skill increases to level 8!
7800 ||| FLEEEEING.
You shoot an arrow. The arrow completely misses the fungus.
The dream sheep ruffles its wool and motes of dream dust sparkle, to no effect. x2
7801 ||| FLEEEEING.
You shoot an arrow. The arrow hits the fungus!
The fungus begins to die.
The fungus is lightly damaged.
You feel like a meek peon again.
7802 ||| FLEEEEING.
You shoot an arrow. The arrow hits the fungus!!!
The fungus is moderately damaged.
The dream sheep shake their wool and sparkle.
You feel drowsy...
You fall asleep.
The dream sheep headbutts you but does no damage.
A nearby fungus withers and dies.
The yak gores you!!
You die...

####### # #P....# ##
#....# #. #....# #.
####....# ###.
#.#.....# ##...
##.......####..##
######........##...#.#
#.P>Y@...........#####
#..YY......####P#.# #
##.Y.......## ##### #
#..##/###..# ##.#####
#..# ## #.%.# ..## #.
#.YY# .. #. #...# . #
#. #..## ..#.


You could see 2 yaks and 2 dream sheep.

Vanquished Creatures
  2 two-headed ogres
  A black mamba (Lair:1)
  A torpor snail (Lair:1)
  A gargoyle (D:7)
  Maggie (D:6)
  3 cane toads (Lair:1)
  A kobold demonologist (D:7)
  2 komodo dragons
  A troll (D:11)
  A dream sheep (Lair:1)
  A wyvern (D:9)
  12 yaks
  2 basilisks (Lair:1)
  2 acid dragons
  5 water moccasins
  4 orc warriors
  2 sky beasts (D:7)
  2 ice beasts
  3 black bears
  2 ogres
  4 wolves (Lair:1)
  8 centaurs
  4 kobold brigands
  3 gnoll sergeants
  14 bullfrogs
  6 scorpions
  6 wights
  9 killer bees
  7 howler monkeys
  4 orc priests
  4 jellies
  4 hounds
  2 sleepcaps
  2 iguanas (D:6)
  10 orc wizards
  9 gnolls
  5 adders
  A white imp (D:7)
  6 ufetubi
  3 dart slugs
  2 ribbon worms
  39 orcs
  5 endoplasms
  4 giant cockroaches
  4 goblins (D:1)
  6 hobgoblins
  A quokka (D:2)
  4 ball pythons
  5 bats
  A frilled lizard (D:2)
  14 kobolds
  5 rats
250 creatures vanquished.

Notes
Turn   | Place    | Note
-------+----------+-------------------------------------------
     0 | D:1      | qw the Deep Elf Hunter began the quest for the Orb.
     0 | D:1      | Reached XP level 1. HP: 12/12 MP: 3/3
     0 | D:1      | 0 ||| qw: Version: 0.3-a-155-g5e7d8dd
     0 | D:1      | 0 ||| qw: Game counter: 747
     0 | D:1      | 0 ||| qw: Melee chars always use a shield: true
     0 | D:1      | 0 ||| qw: God list: Okawaru
     0 | D:1      | 0 ||| qw: Allow faded altars: false
     0 | D:1      | 0 ||| qw: Do Orc after clearing Dungeon:15 true
     0 | D:1      | 0 ||| qw: Do second Lair branch before Depths: true
     0 | D:1      | 0 ||| qw: Lair rune preference: random
     0 | D:1      | 0 ||| qw: Goals: Normal
     0 | D:1      | 0 ||| PLANNING D:1-11
    71 | D:1      | Reached XP level 2. HP: 16/16 MP: 4/4
    75 | D:1      | Reached skill level 6 in Ranged Weapons
   343 | D:1      | Reached XP level 3. HP: 20/20 MP: 5/5
   592 | D:1      | 592 ||| UPGRADING to ring of positive energy.
   593 | D:1      | 593 ||| UPGRADING to +5 ring of evasion.
   594 | D:1      | 594 ||| READING 2 scrolls labelled JAODWAE MASCHE.
   594 | D:1      | 594 ||| IDENTIFYING yellow potion
   595 | D:1      | 595 ||| READING scroll of identify.
   595 | D:1      | 595 ||| IDENTIFYING grey potion
   596 | D:1      | 596 ||| READING scroll labelled CENUD QE WINK.
   596 | D:1      | Identified a scroll of acquirement
   596 | D:1      | 596 ||| ACQUIRING +2 shortbow of draining
   596 | D:1      | Acquired a +2 shortbow of draining
   598 | D:1      | 598 ||| SWAPPING to +2 shortbow of draining.
   599 | D:1      | 599 ||| DROPPING +0 shortbow.
   600 | D:1      | 600 ||| READING 2 scrolls labelled KOQEONAO VATTO.
   601 | D:1      | 601 ||| DROPPING scroll of butterflies.
   602 | D:1      | 602 ||| DROPPING potion of invisibility.
   603 | D:1      | 603 ||| DROPPING scroll of fog.
   908 | D:2      | Reached skill level 7 in Ranged Weapons
  1261 | D:2      | 1261 ||| UPGRADING to amulet of regeneration.
  1266 | D:2      | 1266 ||| READING scroll labelled PALUED JOSKEC BALL.
  1274 | D:2      | 1274 ||| READING scroll labelled GAMUQALUTS.
  1278 | D:2      | 1278 ||| DRINKING 2 orange potions.
  1316 | D:3      | Reached XP level 4. HP: 25/25 MP: 6/6
  1332 | D:3      | Noticed a bullfrog
  1337 | D:3      | Killed a bullfrog
  1338 | D:3      | Reached skill level 8 in Ranged Weapons
  1338 | D:3      | Reached XP level 5. HP: 25/29 MP: 7/7
  1482 | D:3      | Reached skill level 9 in Ranged Weapons
  1559 | D:3      | Reached skill level 3 in Dodging
  1614 | D:3      | Noticed an orc warrior
  1618 | D:3      | Reached XP level 6. HP: 35/35 MP: 8/8
  1625 | D:3      | Killed an orc warrior
  1915 | D:3      | Found Nibbigit's Armour Shoppe.
  1922 | D:3      | 1922 ||| SHOPLISTING +0 leather armour of Xolemav {*Corrode
                  | rElec Regen+ Int+3} (200 gold, have 151).
  1922 | D:3      | 1922 ||| BUYING +0 pair of gloves (54 gold).
  1922 | D:3      | Bought a +0 pair of gloves for 54 gold pieces
  1922 | D:3      | 1922 ||| SHOPLISTING +0 ring mail of willpower (132 gold,
                  | have 97).
  1980 | D:3      | 1980 ||| READING scroll of acquirement.
  1980 | D:3      | 1980 ||| ACQUIRING +0 arbalest of electrocution
  1980 | D:3      | Acquired a +0 arbalest of electrocution
  1982 | D:3      | 1982 ||| SWAPPING to +0 arbalest of electrocution.
  1983 | D:3      | 1983 ||| DROPPING +2 shortbow of draining.
  2114 | D:3      | 2114 ||| UPGRADING to +0 ring mail.
  2124 | D:3      | 2124 ||| DROPPING +0 leather armour.
  2125 | D:3      | 2125 ||| UPGRADING to +0 pair of gloves.
  2130 | D:3      | 2130 ||| READING scroll of identify.
  2130 | D:3      | 2130 ||| IDENTIFYING blue potion
  2131 | D:3      | 2131 ||| READING scroll labelled BUICIF VAMOC.
  2132 | D:3      | 2132 ||| DROPPING potion of attraction.
  2146 | D:4      | Reached skill level 10 in Ranged Weapons
  2339 | D:4      | Found Xouddofi's Overcharged Wands.
  2348 | D:4      | 2348 ||| SHOPLISTING wand of digging (11) (693 gold, have
                  | 123).
  2348 | D:4      | 2348 ||| SHOPLISTING wand of flame (40) (420 gold, have
                  | 123).
  2348 | D:4      | 2348 ||| SHOPLISTING wand of iceblast (18) (648 gold, have
                  | 123).
  2348 | D:4      | 2348 ||| SHOPLISTING wand of paralysis (18) (648 gold, have
                  | 123).
  2354 | D:4      | Noticed an ice beast
  2358 | D:4      | Killed an ice beast
  2359 | D:4      | Reached skill level 1 in Armour
  2544 | D:4      | Reached XP level 7. HP: 40/40 MP: 9/9
  2595 | D:4      | 2595 ||| READING scroll labelled XUIMUM ODECZUL.
  2596 | D:4      | 2596 ||| READING scroll labelled FUAVOE ZI KAIS.
  2596 | D:4      | 2596 ||| ENCHANTING +0 pair of gloves.
  2620 | D:5      | Entered Level 5 of the Dungeon
  2826 | D:5      | Reached skill level 11 in Ranged Weapons
  3114 | D:5      | 3114 ||| DROPPING amulet of magic regeneration.
  3115 | D:5      | 3115 ||| DROPPING ring of flight.
  3116 | D:5      | 3116 ||| READING scroll labelled JATIED PEYGGI.
  3116 | D:5      | 3116 ||| ENCHANTING +0 arbalest of electrocution.
  3172 | D:6      | 3172 ||| READING 2 scrolls of enchant armour.
  3172 | D:6      | 3172 ||| ENCHANTING +1 pair of gloves.
  3173 | D:6      | 3173 ||| READING scroll of enchant armour.
  3173 | D:6      | 3173 ||| ENCHANTING +0 ring mail.
  3191 | D:6      | Found a runed translucent door.
  3359 | D:6      | Reached skill level 12 in Ranged Weapons
  3385 | D:6      | Reached XP level 8. HP: 45/45 MP: 10/10
  3400 | D:6      | 3400 ||| READING scroll of acquirement.
  3400 | D:6      | 3400 ||| ACQUIRING +3 heavy longbow
  3400 | D:6      | Acquired a +3 heavy longbow
  3402 | D:6      | 3402 ||| SWAPPING to +3 heavy longbow.
  3403 | D:6      | 3403 ||| DROPPING +1 arbalest of electrocution.
  3412 | D:6      | 3412 ||| DRINKING 5 potions of curing.
  3412 | D:6      | 3412 ||| (to cure confusion)
  3418 | D:6      | Reached skill level 3 in Fighting
  3462 | D:6      | Noticed Maggie
  3466 | D:6      | 3466 ||| ZAPPING wand of iceblast (4) at 4,-1 (floor).
  3467 | D:6      | 3467 ||| ZAPPING wand of iceblast (3) at 3,0 (floor).
  3468 | D:6      | 3468 ||| ZAPPING wand of iceblast (2) at 2,0 (floor).
  3469 | D:6      | 3469 ||| ZAPPING wand of iceblast (1) at 2,0 (Maggie;
                  | floor).
  3471 | D:6      | Killed Maggie
  3489 | D:6      | Found a staircase to the Ecumenical Temple.
  3490 | D:6      | 3490 ||| PLANNING TEMPLE
  3490 | D:6      | 3490 ||| UPGRADING to +0 swamp dragon scales.
  3500 | D:6      | 3500 ||| DROPPING +1 ring mail.
  3501 | D:6      | 3501 ||| READING scroll labelled MUFOPRE DYANN.
  3602 | D:6      | 3602 ||| DRINKING 2 fuming coppery potions.
  3648 | D:6      | 3648 ||| DROPPING potion of lignification.
  3658 | Temple   | Entered the Ecumenical Temple
  3659 | Temple   | 3659 ||| PLANNING D:1-11
  3740 | D:6      | Found a runed translucent door.
  3865 | D:6      | Reached skill level 13 in Ranged Weapons
  4188 | D:7      | Noticed a gargoyle
  4192 | D:7      | Killed a gargoyle
  4193 | D:7      | Reached skill level 14 in Ranged Weapons
  4193 | D:7      | Reached XP level 9. HP: 50/50 MP: 11/11
  4210 | D:7      | 4210 ||| RETREEEEATING.
  4211 | D:7      | 4211 ||| RETREEEEATING.
  4212 | D:7      | 4212 ||| RETREEEEATING.
  4217 | D:7      | 4217 ||| RETREEEEATING.
  4218 | D:7      | 4218 ||| RETREEEEATING.
  4219 | D:7      | 4219 ||| RETREEEEATING.
  4220 | D:7      | 4220 ||| RETREEEEATING.
  4221 | D:7      | 4221 ||| RETREEEEATING.
  4222 | D:7      | 4222 ||| RETREEEEATING.
  4223 | D:7      | 4223 ||| RETREEEEATING.
  4224 | D:7      | 4224 ||| RETREEEEATING.
  4225 | D:7      | 4225 ||| RETREEEEATING.
  4226 | D:7      | 4226 ||| RETREEEEATING.
  4228 | D:7      | 4228 ||| RETREEEEATING.
  4280 | D:7      | Reached skill level 15 in Ranged Weapons
  4363 | D:7      | Noticed a kobold demonologist
  4366 | D:7      | Noticed a rust devil
  4367 | D:7      | Killed a kobold demonologist
  4840 | D:7      | 4840 ||| UPGRADING to +0 pair of boots.
  4845 | D:7      | 4845 ||| READING scroll labelled CASTRO HIUQIBB.
  4846 | D:7      | 4846 ||| DRINKING 2 fuming grey potions.
  4934 | D:8      | 4934 ||| READING scroll of enchant armour.
  4934 | D:8      | 4934 ||| ENCHANTING +0 swamp dragon scales.
  5022 | D:8      | Identified the +5 scale mail of Oblivion {rC+ Dex+2 SInv}
  5061 | D:8      | 5061 ||| READING scroll of enchant weapon.
  5061 | D:8      | 5061 ||| ENCHANTING +3 heavy longbow.
  5077 | D:8      | Reached skill level 16 in Ranged Weapons
  5082 | D:8      | Reached skill level 6 in Dodging
  5228 | D:8      | 5228 ||| DRINKING potion of haste.
  5231 | D:8      | Reached XP level 10. HP: 45/57 MP: 12/12
  5231 | D:8      | 5231 ||| RETREEEEATING.
  5232 | D:8      | 5232 ||| RETREEEEATING.
  5234 | D:8      | 5234 ||| RETREEEEATING.
  5235 | D:8      | 5235 ||| RETREEEEATING.
  5236 | D:8      | 5236 ||| RETREEEEATING.
  5271 | D:8      | 5271 ||| FLEEEEING.
  5290 | D:8      | Found a hide-covered altar of Uskayaw.
  5442 | D:8      | 5442 ||| RETREEEEATING.
  5447 | D:8      | 5447 ||| RETREEEEATING.
  5448 | D:8      | 5448 ||| RETREEEEATING.
  5453 | D:8      | Reached skill level 17 in Ranged Weapons
  5618 | D:8      | 5618 ||| UPGRADING to +5 scale mail of Oblivion {rC+ Dex+2
                  | SInv}.
  5628 | D:8      | 5628 ||| READING 3 scrolls of identify.
  5628 | D:8      | 5628 ||| IDENTIFYING purple potion
  5629 | D:8      | 5629 ||| READING 2 scrolls of identify.
  5629 | D:8      | 5629 ||| IDENTIFYING bubbling clear potion
  5630 | D:8      | 5630 ||| READING scroll of identify.
  5630 | D:8      | 5630 ||| IDENTIFYING coppery potion
  5631 | D:8      | 5631 ||| DRINKING 3 bubbling brown potions.
  5632 | D:8      | 5632 ||| DROPPING 2 potions of magic.
  5639 | D:9      | Noticed a two-headed ogre
  5643 | D:9      | Killed a two-headed ogre
  5644 | D:9      | Reached skill level 18 in Ranged Weapons
  5662 | D:9      | Found a snail-covered altar of Cheibriados.
  6218 | D:9      | 6218 ||| DROPPING ring of magical power.
  6219 | D:9      | 6219 ||| READING scroll labelled ZOESSEI JIUGG.
  6220 | D:9      | 6220 ||| READING scroll labelled NABEBEELAGH.
  6246 | D:10     | Entered Level 10 of the Dungeon
  6246 | D:10     | Noticed a two-headed ogre
  6247 | D:10     | 6247 ||| DRINKING potion of haste.
  6250 | D:10     | Killed a two-headed ogre
  6251 | D:10     | Reached skill level 19 in Ranged Weapons
  6377 | D:10     | 6377 ||| FLEEEEING.
  6377 | D:10     | HP: 10/59 [acid dragon/splash of acid (17)]
  6378 | D:10     | 6378 ||| FLEEEEING.
  6446 | D:10     | Reached skill level 3 in Armour
  6446 | D:10     | Reached XP level 11. HP: 63/63 MP: 13/13
  6456 | D:10     | 6456 ||| RETREEEEATING.
  6457 | D:10     | 6457 ||| RETREEEEATING.
  6462 | D:10     | 6462 ||| RETREEEEATING.
  6463 | D:10     | 6463 ||| RETREEEEATING.
  6464 | D:10     | 6464 ||| RETREEEEATING.
  6465 | D:10     | 6465 ||| RETREEEEATING.
  6466 | D:10     | 6466 ||| RETREEEEATING.
  6467 | D:10     | 6467 ||| RETREEEEATING.
  6514 | D:10     | Found a staircase to the Lair.
  6559 | D:10     | Found a broken altar of Ashenzari.
  6560 | D:10     | Found a stormy altar of Qazlal.
  6887 | D:10     | Found a staircase to the Orcish Mines.
  7072 | D:10     | Found a hide-covered altar of Uskayaw.
  7079 | D:10     | Found an iron altar of Okawaru.
  7168 | D:10     | Found a shimmering blue altar of Sif Muna.
  7170 | D:10     | 7170 ||| DROPPING scarf of shadows.
  7171 | D:10     | 7171 ||| UPGRADING to +1 pair of boots.
  7181 | D:10     | 7181 ||| DROPPING +0 pair of boots.
  7182 | D:10     | 7182 ||| READING 2 scrolls of identify.
  7182 | D:10     | 7182 ||| IDENTIFYING glowing red potion
  7327 | D:11     | 7327 ||| UPGRADING to +4 ring of protection.
  7329 | D:11     | 7329 ||| DROPPING ring of positive energy.
  7337 | D:10     | 7337 ||| PLANNING OKAWARU WORSHIP
  7340 | D:10     | Became a worshipper of Warmaster Okawaru
  7341 | D:10     | 7341 ||| PLANNING D:1-11
  7341 | D:10     | 7341 ||| PLANNING LAIR
  7418 | Lair:1   | Entered Level 1 of the Lair of Beasts
  7421 | Lair:1   | 7421 ||| RETREEEEATING.
  7423 | Lair:1   | 7423 ||| RETREEEEATING.
  7424 | Lair:1   | 7424 ||| RETREEEEATING.
  7425 | Lair:1   | 7425 ||| RETREEEEATING.
  7426 | Lair:1   | 7426 ||| RETREEEEATING.
  7427 | Lair:1   | 7427 ||| RETREEEEATING.
  7428 | Lair:1   | 7428 ||| RETREEEEATING.
  7429 | Lair:1   | 7429 ||| RETREEEEATING.
  7430 | Lair:1   | 7430 ||| RETREEEEATING.
  7436 | Lair:1   | HP: 4/63 [cane toad (18)]
  7437 | Lair:1   | 7437 ||| DRINKING potion of heal wounds.
  7443 | Lair:1   | Reached skill level 20 in Ranged Weapons
  7443 | Lair:1   | 7443 ||| FLEEEEING.
  7444 | Lair:1   | 7444 ||| FLEEEEING.
  7445 | Lair:1   | 7445 ||| FLEEEEING.
  7446 | Lair:1   | 7446 ||| FLEEEEING.
  7447 | Lair:1   | 7447 ||| FLEEEEING.
  7448 | Lair:1   | 7448 ||| FLEEEEING.
  7449 | Lair:1   | 7449 ||| FLEEEEING.
  7492 | Lair:1   | Reached * piety under Okawaru
  7495 | Lair:1   | Reached skill level 1 in Invocations
  7508 | Lair:1   | 7508 ||| RETREEEEATING.
  7511 | Lair:1   | 7511 ||| RETREEEEATING.
  7512 | Lair:1   | 7512 ||| RETREEEEATING.
  7513 | Lair:1   | 7513 ||| RETREEEEATING.
  7514 | Lair:1   | 7514 ||| RETREEEEATING.
  7515 | Lair:1   | 7515 ||| RETREEEEATING.
  7516 | Lair:1   | 7516 ||| RETREEEEATING.
  7517 | Lair:1   | 7517 ||| RETREEEEATING.
  7518 | Lair:1   | 7518 ||| RETREEEEATING.
  7519 | Lair:1   | 7519 ||| RETREEEEATING.
  7520 | Lair:1   | 7520 ||| RETREEEEATING.
  7521 | Lair:1   | 7521 ||| INVOKING Heroism.
  7587 | Lair:1   | Reached skill level 6 in Fighting
  7587 | Lair:1   | Reached skill level 3 in Invocations
  7625 | Lair:1   | 7625 ||| RETREEEEATING.
  7626 | Lair:1   | 7626 ||| RETREEEEATING.
  7627 | Lair:1   | 7627 ||| RETREEEEATING.
  7628 | Lair:1   | 7628 ||| RETREEEEATING.
  7629 | Lair:1   | 7629 ||| RETREEEEATING.
  7630 | Lair:1   | 7630 ||| DRINKING potion of cancellation.
  7631 | Lair:1   | 7631 ||| RETREEEEATING.
  7632 | Lair:1   | 7632 ||| RETREEEEATING.
  7633 | Lair:1   | 7633 ||| RETREEEEATING.
  7634 | Lair:1   | 7634 ||| RETREEEEATING.
  7785 | Lair:1   | 7785 ||| RETREEEEATING.
  7786 | Lair:1   | 7786 ||| INVOKING Heroism.
  7789 | Lair:1   | 7789 ||| RETREEEEATING.
  7790 | Lair:1   | 7790 ||| RETREEEEATING.
  7797 | Lair:1   | HP: 2/64 [torpor snail (42)]
  7798 | Lair:1   | 7798 ||| READING scroll of teleportation.
  7799 | Lair:1   | Reached ** piety under Okawaru
  7800 | Lair:1   | 7800 ||| FLEEEEING.
  7801 | Lair:1   | 7801 ||| FLEEEEING.
  7802 | Lair:1   | 7802 ||| FLEEEEING.
  7805 | Lair:1   | Demolished by a yak

Levels and vault maps discovered:
D:1:      onia_arrival_pyramid, layout_basic, minmay_heptomino_w4
D:2:      layout_loops_ring
D:3:      layout_basic, serial_shops, nicolae_lakefront_shop,
          palyth_stone_intersect, nicolae_kite_square_tiling_tiny,
          kennysheep_pointless_box, kennysheep_generic_room_9
D:4:      layout_loops_cross, nicolae_shop_overcharged_wands
D:5:      layout_cave_pools, nicolae_sextant
D:6:      lemuel_insect_pit, layout_basic, minmay_temple_entry_offerings,
          uniq_maggie
D:7:      minmay_opposing_rooms, layout_basic, kennysheep_generic_room_14
D:8:      layout_loops_ring, minmay_ruined_shrine
D:9:      layout_gridville, mainiacjoe_overflow_alcove_2
D:10:     layout_stronghold, lemuel_tele_altar, nicolae_overflow_hidden_temple,
          due_lair_maze_entry_diamond, orc_0_dummy
D:11:     layout_loops_cross, gammafunk_ghost_abyssal_escape, minivault_25_ag
Temple:   eino_temple_rhombus
Lair:1:   dreamdust_isle_of_ice, layout_misc_corridors, enter_volcano_4

Skill      XL: |  1  2  3  4  5  6  7  8  9 10 11 |
---------------+----------------------------------+-----
Ranged Weapons | 6 7 8 9 10 12 14 16 19 20 | 20.0
Dodging        | 3 5 6 8 |  8.0
Fighting       | 2 3 4 5 6 |  6.0
Armour         | 1 2 3 |  3.1
Invocations    | 4 |  4.0
Stealth        | |  1.2

Action                     |  1- 3 |  4- 6 |  7- 9 | 10-12 || total
---------------------------+-------+-------+-------+-------++-------
   Fire: Shortbow          |   100 |    55 |       |       ||   155
         Arbalest          |       |    13 |    64 |       ||    77
         Longbow           |       |       |   154 |   224 ||   378
 Invoke: Heroism           |       |       |       |     2 ||     2
  Evoke: Wand              |       |       |     4 |       ||     4
    Use: Scroll            |     6 |     3 |    10 |     7 ||    26
         Potion            |     1 |       |     4 |     4 ||     9
 Armour: Leather armour    |    16 |     8 |       |       ||    24
         Ring mail         |       |     1 |    22 |       ||    23
         Swamp dragon scal |       |       |    22 |    21 ||    43
         Scale mail        |       |       |       |   110 ||   110
  Dodge: Dodged            |    24 |    12 |   105 |   200 ||   341

Table legend:
 A = Non-vault XP
 B = Vault XP
 C = Vault XP percentage of total XP
 D = Non-vault monster count
 E = Vault monster count
 F = Vault count percentage of total count
                 A         B        C        D         E       F
            +---------+---------+-------+---------+---------+-------
      Total |   14394 |    4335 |  23.1 |     208 |      42 |  16.8
            +---------+---------+-------+---------+---------+-------
        D:1 |      31 |      17 |  35.4 |      17 |       8 |  32.0
        D:2 |      39 |       0 |   0.0 |      15 |       0 |   0.0
        D:3 |     370 |      87 |  19.0 |      18 |       2 |  10.0
        D:4 |     221 |       0 |   0.0 |      10 |       0 |   0.0
        D:5 |     341 |       0 |   0.0 |      18 |       0 |   0.0
        D:6 |     991 |     404 |  29.0 |      22 |       1 |   4.3
        D:7 |     826 |    1401 |  62.9 |      21 |      10 |  32.3
        D:8 |    1653 |     691 |  29.5 |      24 |      10 |  29.4
        D:9 |    2268 |       0 |   0.0 |      17 |       0 |   0.0
       D:10 |    1556 |    1735 |  52.7 |      17 |      11 |  39.3
       D:11 |     651 |       0 |   0.0 |       4 |       0 |   0.0
     Lair:1 |    5447 |       0 |   0.0 |      25 |       0 |   0.0
            +---------+---------+-------+---------+---------+-------
